Map: Simulacrum LE

Players

BerryRAWR - Winner!

  • Race: Terran Terran
  • League: Master
  • Spawn Location: 11:00

BolinhoFofo

  • Race: Protoss Protoss
  • League: Master
  • Spawn Location: 5:00

VOD

Have the link to the VOD?

Description

Time

  • Played on: April 29, 2020, 12:04 a.m.
  • Length: 15:58
Show
View Real Time Build Order
Export as new Build Order

BerryRAWR Terran - Winner!

Build Orders: Gas First Reaper Expand 

Get SALT Encoding   

  12  0:01  SCV  
  13  0:13  SCV  
  14  0:18  Supply Depot  
  14  0:25  SCV  
  15  0:30  Refinery  
  15  0:43  SCV  
  15  0:47  Barracks  
  16  0:55  SCV  
  17  1:07  SCV  
  18  1:19  SCV  
  19  1:35  Reaper, Orbital Command  
  20  1:46  Command Center  
  20  1:57  Factory  
  20  2:01  SCV  
  20  2:08  Supply Depot  
  21  2:10  Barracks Reactor  
  21  2:15  SCV  
  22  2:20  Refinery  
  22  2:27  SCV  
  23  2:39  SCV  
  24  2:48  Starport  
  24  2:49  Marine x2  
  24  2:51  SCV  
  27  2:56  Factory Tech Lab  
  27  2:59  Orbital Command  
  27  3:03  SCV  
  28  3:07  Marine x2  
  30  3:17  Siege Tank  
  33  3:22  Supply Depot  
  33  3:25  SCV x2, Marine x2  
  37  3:32  Starport Reactor  
  37  3:35  Viking  
  37  3:37  SCV  
  40  3:42  SCV  
  40  3:43  Marine x2  
  40  3:47  Supply Depot  
  43  3:50  SCV  
  43  3:54  SCV  
  47  4:01  Marine x2  
  47  4:02  Siege Tank  
  50  4:03  SCV  
  50  4:06  SCV  
  52  4:11  Viking  
  52  4:15  SCV  
  55  4:18  SCV  
  55  4:19  Supply Depot  
  55  4:23  Supply Depot, Marine  
  57  4:25  Marine  
  58  4:43  Bunker  
  58  4:44  Bunker  
  58  4:46  Marine x2  
  58  4:52  Bunker  
  60  4:53  SCV, Siege Tank  
  60  4:54  SCV  
  60  4:59  Supply Depot  
  56  5:15  Marine  
  54  5:25  Siege Tank  
  54  5:26  Marine  
  54  5:28  SCV x2  
  56  5:33  Marine  
  56  5:34  Barracks x2  
  54  5:41  SCV x2  
  56  5:45  Command Center  
  51  5:53  SCV, Marine x2  
  51  5:56  SCV  
  54  6:00  Siege Tank  
  57  6:05  SCV, Starport Reactor  
  57  6:08  SCV, Engineering Bay x2  
  59  6:12  Bunker, Refinery  
  59  6:15  Marine x2  
  59  6:17  SCV  
  62  6:23  SCV  
  58  6:30  SCV  
  59  6:35  SCV  
  59  6:38  Barracks Tech Lab  
  59  6:39  Marine, Siege Tank  
  60  6:40  Marine, Barracks Tech Lab  
  60  6:41  Terran Infantry Weapons Level 1  
  60  6:42  Terran Infantry Armor Level 1  
  62  6:47  Barracks  
  62  6:54  SCV, Starport Reactor  
  62  6:55  Barracks  
  62  6:56  SCV  
  62  6:59  Marine  
  62  7:00  Stimpack, Marine  
  66  7:04  Refinery  
  66  7:06  Supply Depot  
  66  7:12  Supply Depot  
  66  7:14  Marauder x2  
  70  7:21  Orbital Command  
  70  7:28  Marine x2  
  72  7:31  Supply Depot  
  72  7:33  Supply Depot  
  72  7:37  Marauder x2, Marine x2  
  72  7:38  Medivac  
  72  7:39  Medivac  
  72  7:42  Barracks Tech Lab  
  82  7:44  SCV  
  82  7:45  SCV  
  82  7:46  Marine  
  85  7:53  Orbital Command  
  85  7:56  SCV, Marine x2  
  85  7:57  SCV, Marine  
  85  7:58  Marauder, Marine  
  93  8:09  SCV  
  90  8:13  Marine, Siege Tank  
  90  8:14  Marauder, Marine  
  90  8:16  Marauder  
  90  8:17  Combat Shield  
  90  8:19  SCV  
  99  8:20  SCV  
  99  8:24  SCV  
  100  8:28  Supply Depot x3  
  100  8:31  SCV  
  97  8:34  Marauder, Marine x4  
  97  8:35  SCV, Marauder  
  97  8:36  SCV  
  97  8:39  Medivac, Marauder  
  97  8:40  Medivac  
  111  8:56  SCV x2  
  111  8:57  Marauder, Marine  
  111  8:59  Siege Tank  
  111  9:00  Marauder  
  121  9:08  Armory  
  121  9:11  Command Center, Marine  
  121  9:12  Marine x2  
  124  9:17  Marine x2  
  124  9:19  Marauder  
  127  9:25  Liberator x2  
  127  9:29  Refinery  
  127  9:30  Refinery  
  127  9:31  Marine  
  134  9:43  Siege Tank  
  136  9:46  Marauder  
  115  10:14  Marauder x2, Marine x4  
  115  10:15  Siege Tank  
  115  10:16  Terran Infantry Weapons Level 2  
  106  10:22  Barracks  
  106  10:24  Barracks  
  106  10:25  Marine, Barracks  
  99  10:32  Marine x3  
  98  10:36  Marauder x2, Marine  
  95  10:51  Marine x4  
  95  10:52  Medivac x2  
  95  10:56  Planetary Fortress  
  100  10:57  Marauder x2  
  100  10:58  SCV  
  105  11:04  Marine  
  105  11:09  Marine  
  105  11:10  SCV  
  108  11:11  SCV  
  108  11:12  SCV  
  108  11:17  Barracks Reactor, Barracks Tech Lab x3  
  110  11:18  Marauder  
  110  11:19  Terran Ship Weapons Level 1, Ghost Academy  
  110  11:22  Marine x3  
  110  11:23  Marauder  
  110  11:24  SCV x2  
  119  11:26  Starport  
  119  11:27  Refinery x2  
  119  11:28  Medivac  
  119  11:30  Medivac  
  119  11:31  Command Center  
  123  11:34  Marine  
  123  11:38  Marine  
  123  11:39  Marauder, Marine  
  130  11:40  Marauder, Marine  
  130  11:46  Widow Mine  
  133  11:47  Marauder, Marine x2  
  133  11:50  SCV  
  133  11:52  Marine  
  136  11:56  Marine  
  136  11:58  Terran Infantry Armor Level 2, Marine x2  
  136  11:59  Marauder  
  136  12:01  SCV x2  
  143  12:10  Marauder, Marine  
  131  12:21  Marauder, Marine  
  107  12:26  Marauder, Marine  
  107  12:29  Marauder  
  92  12:35  Marauder, Marine  
  82  12:38  Marauder, Marine  
  82  12:39  Marine x3  
  82  12:42  Marauder  
  82  12:43  Marine  
  87  12:47  Marauder  
  87  12:50  Marauder  
  91  12:51  Widow Mine  
  91  12:52  Drilling Claws  
  91  12:53  Marine  
  91  12:56  Marine  
  91  12:57  Marauder, Orbital Command  
  97  12:59  SCV x2, Marauder  
  97  13:00  SCV  
  102  13:11  SCV  
  102  13:12  Missile Turret  
  103  13:13  Widow Mine, Marine  
  103  13:14  Marine  
  110  13:23  Planetary Fortress  
  110  13:26  SCV x4  
  111  13:28  Missile Turret  
  111  13:32  Marauder  
  113  13:35  Starport Reactor  
  113  13:38  SCV x4  
  117  13:42  Widow Mine, Marine  
  123  13:50  SCV x4  
  123  13:52  Medivac x2  
  131  14:00  SCV  
  131  14:02  SCV x4  
  139  14:10  Refinery  
  139  14:12  SCV  
  139  14:14  SCV x3  
  139  14:15  SCV, Enhanced Shockwaves  
  148  14:24  SCV, Unknown x2  
  148  14:26  SCV x3, Unknown  
  148  14:27  SCV  
  153  14:36  SCV  
  153  14:38  SCV x2, Liberator x4  
  157  14:40  Unknown  
  157  14:41  Unknown  
  157  14:42  Fusion Core  
  157  14:45  SCV  
  169  14:49  Marauder, Marine x3  
  169  14:50  Marauder, Refinery  
  175  15:01  Supply Depot  
  175  15:02  Supply Depot  
  175  15:06  Marauder, Marine x3  
  182  15:07  Marauder  
  182  15:08  Sensor Tower  
  182  15:10  SCV x2  
  182  15:11  Refinery  
  184  15:15  Marauder, Marine  
  184  15:20  Sensor Tower  
  159  15:30  Marine x2  
  159  15:31  Marauder x4, Marine  
  158  15:38  Marine x3  
Show
View Real Time Build Order
Export as new Build Order

BolinhoFofo Protoss 

Build Orders: 1 Gate Expand, Blink Stalkers 

Get SALT Encoding   

  12  0:00  Probe  
  13  0:13  Probe  
  14  0:17  Pylon  
  14  0:25  Probe (Chrono Boost)  
  15  0:37  Probe (Chrono Boost), Gateway  
  16  0:45  Probe (Chrono Boost)  
  16  0:46  Assimilator  
  17  0:51  Probe  
  18  1:03  Probe  
  19  1:15  Probe  
  20  1:22  Nexus  
  20  1:32  Cybernetics Core  
  20  1:34  Probe  
  21  1:40  Assimilator  
  21  1:46  Probe  
  22  1:50  Pylon  
  22  1:59  Probe (Chrono Boost)  
  23  2:05  Stalker (Chrono Boost)  
  25  2:09  Warp Gate  
  25  2:11  Probe (Chrono Boost)  
  26  2:19  Probe (Chrono Boost)  
  27  2:25  Probe  
  27  2:27  Stalker (Chrono Boost)  
  30  2:34  Probe  
  31  2:37  Probe  
  32  2:45  Twilight Council  
  32  2:47  Probe  
  32  2:49  Probe  
  34  2:57  Stalker  
  36  2:59  Probe  
  36  3:02  Probe  
  38  3:11  Probe  
  39  3:13  Blink (Chrono Boost)  
  39  3:19  Probe  
  40  3:23  Probe  
  41  3:32  Gateway  
  41  3:33  Robotics Facility  
  41  3:37  Gateway  
  41  3:40  Probe x2  
  43  3:43  Pylon  
  43  3:53  Probe x2  
  45  3:55  Assimilator  
  45  4:02  Gateway x2  
  45  4:04  Gateway  
  45  4:07  Stalker  
  47  4:17  Gateway  
  49  4:25  Pylon  
  49  4:29  Shield Battery  
  49  4:33  Shield Battery  
  49  4:37  Stalker  
  51  4:39  Sentry  
  51  4:41  Stalker  
  51  4:44  Pylon  
  51  4:56  Stalker  
  51  4:57  Stalker  
  49  5:02  Stalker x2  
  51  5:11  Stalker  
  51  5:13  Stalker  
  51  5:21  Stalker x2  
  49  5:27  Stalker x2  
  47  5:36  Stalker  
  47  5:39  Stalker  
  47  5:41  Gateway  
  51  5:51  Stalker  
  51  5:52  Stalker  
  51  5:53  Probe x2  
  55  5:57  Pylon  
  55  6:01  Stalker, Zealot  
  59  6:05  Probe  
  59  6:06  Probe  
  59  6:09  Pylon  
  61  6:11  Stalker  
  59  6:25  Stalker x3  
  59  6:38  Robotics Facility  
  57  6:45  Charge (Chrono Boost), Assimilator  
  57  6:47  Probe x2  
  57  6:50  Nexus  
  59  7:01  Stalker  
  59  7:02  Stalker  
  59  7:06  Stalker  
  65  7:09  Probe x2  
  65  7:14  Stalker  
  69  7:18  Stalker  
  69  7:19  Pylon  
  71  7:25  Forge  
  71  7:26  Observer (Chrono Boost)  
  71  7:29  Stalker  
  74  7:35  Probe x2  
  76  7:38  Immortal (Chrono Boost)  
  80  7:48  Probe  
  80  7:49  Probe  
  82  7:52  Protoss Ground Weapons Level 1 (Chrono Boost)  
  82  7:55  Forge  
  82  8:01  Immortal  
  82  8:06  Probe x2  
  82  8:08  Probe  
  87  8:18  Probe x2  
  85  8:35  Zealot x5  
  85  8:38  Probe x2  
  85  8:40  Warp Prism (Chrono Boost)  
  95  8:54  Probe x3  
  94  8:57  Stalker, Gateway  
  94  8:58  Stalker x3  
  94  9:02  Protoss Ground Armor Level 1 (Chrono Boost)  
  102  9:03  Pylon  
  102  9:04  Pylon  
  102  9:06  Probe  
  103  9:15  Assimilator  
  103  9:21  Gateway  
  103  9:23  Zealot x3  
  103  9:24  Sentry x3  
  109  9:40  Stalker  
  109  9:45  Stalker x2  
  115  9:48  Stalker x3  
  121  9:54  Protoss Ground Weapons Level 2 (Chrono Boost)  
  121  9:55  Pylon  
  121  9:56  Pylon  
  121  10:05  Stalker  
  121  10:06  Stalker  
  109  10:11  Stalker x3, Zealot x2  
  97  10:18  Stalker  
  87  10:30  Zealot x2  
  87  10:31  Gateway  
  87  10:34  Zealot x3  
  93  10:37  Stalker x2  
  87  10:53  Stalker  
  87  10:54  Stalker x3  
  87  10:55  Sentry x2  
  97  11:00  Gateway  
  97  11:09  Zealot x2  
  101  11:17  Zealot x4  
  109  11:18  Zealot x2  
  109  11:25  Protoss Ground Armor Level 2 (Chrono Boost)  
  113  11:38  Zealot x4  
  113  11:39  Zealot x3  
  126  11:44  Zealot x2  
  130  11:50  Pylon  
  130  11:59  Stalker x3  
  130  12:01  Sentry x2  
  120  12:18  Zealot x5  
  98  12:23  Zealot x3  
  98  12:28  Zealot x2  
  92  12:36  Immortal (Chrono Boost)  
  92  12:44  Sentry x5  
  92  12:45  Sentry  
  104  12:58  Assimilator  
  104  13:01  Warp Prism (Chrono Boost)  
  106  13:10  Nexus  
  106  13:12  Sentry, Zealot  
  108  13:15  Zealot  
  112  13:23  Zealot x3  
  118  13:36  Immortal (Chrono Boost)  
  118  13:40  Pylon  
  122  13:43  Stalker x2  
  122  13:48  Sentry x2  
  130  13:57  Templar Archives  
  130  14:01  Stalker x3  
  136  14:06  Stalker  
  138  14:12  Immortal  
  142  14:34  High Templar x2  
  142  14:35  High Templar x2  
  142  14:36  Zealot x2  
  154  14:39  Archon x2  
  154  14:40  Zealot  
  154  14:41  Zealot  
  158  14:51  Zealot x2  
  162  14:59  Zealot x2  
  166  15:01  Zealot x2  
  166  15:04  Pylon  
  170  15:07  Stalker  
  136  15:29  Stalker x5  
  136  15:30  Stalker x2  
  136  15:32  Stalker  
  110  15:46  Stalker x2  
Tags
 
Add a new tag
Caveats
  • Supply blocks, unpowered buildings, or Contaminate may cause inaccurate times.
  • Supply counts are checked every 10 seconds.